 Dungeon Crawl Stone Soup version 0.30-a0-377-g5cb311bc9f (webtiles) character file.

Game seed: 15232780612698598395

42833 NinjaNoafa the Protected (level 14, -44/162 HPs)
             Began as a Gnoll Wanderer on Nov 28, 2022.
             Was an Initiate of Gozag.
             Annihilated by a spriggan rider
             ... wielding a +4 antimagic demon trident
              (45 damage)
             ... on level 4 of the Lair of Beasts on Nov 29, 2022.
             The game lasted 00:58:42 (18187 turns).

NinjaNoafa the Protected (Gnoll Wanderer)          Turns: 18187, Time: 00:58:42

Health: -44/162    AC: 20    Str: 15    XL:     14   Next: 21%
Magic:  16/30      EV: 15    Int: 34    God:    Gozag
Gold:   1857       SH:  6    Dex: 15    Spells: 6/32 levels left

rFire   . . .      SeeInvis .    b - +9 hammer of the Fool {vorpal, Fly rElec Int+4}
rCold   . . .      Faith    .    u - +0 buckler
rNeg    . . .      Spirit   .    I - +3 ring mail "Luunoih" {Rampage Regen+ Int+8 Stlth-}
rPois   .          Reflect  .    Y - +2 hood of the Assassin {Detection Stab+ Stlth++}
rElec   +          Harm     .    U - +1 cloak
rCorr   .          Rampage  +    T - +2 pair of gloves {Stlth+}
Will    +....                    v - +0 pair of boots
Stlth   ..........               o - amulet of magic regeneration
HPRegen 1.27/turn                E - +6 ring of strength
MPRegen 0.62/turn                c - +6 ring of intelligence

@: berserking, gold aura, flying, very quick
A: fangs 1, strong nose, distributed training, talons 1, high MP 1, shaggy fur
1, MP-powered wands
a: Renounce Religion, Potion Petition, Call Merchant, Bribe Branch


You were on level 4 of the Lair of Beasts.
You worshipped Gozag.
Gozag was most pleased with you.
You visited 3 branches of the dungeon, and saw 15 of its levels.
You also visited: Sewer.

You collected 3670 gold pieces.
You spent 1718 gold pieces at shops.
You paid 95 gold pieces to Gozag.

Inventory:

Hand Weapons
 a - the +11 dagger "Ciop" {holy, Stlth+}
   (You found it in a sewer)

   It has been blessed by the Shining One to cause great damage to the undead
   and demons.
   Stlth:     It makes you more stealthy.
 b - the +9 hammer of the Fool (weapon) {vorpal, Fly rElec Int+4}
   (You found it on level 7 of the Dungeon)

   It inflicts extra damage upon your enemies.
   Int:       It affects your intelligence (+4).
   rElec:     It insulates you from electricity.
   Fly:       It grants you flight.
Missiles
 e - 133 stones
 i - 5 boomerangs of dispersal
 l - 23 poisoned darts
 m - 3 boomerangs
 p - 4 atropa-tipped darts
 s - a silver boomerang
 H - 7 curare-tipped darts
 J - 7 javelins (quivered)
Armour
 u - a +0 buckler (worn)
 v - a +0 pair of boots (worn)
 I - the +3 ring mail "Luunoih" (worn) {Rampage Regen+ Int+8 Stlth-}
   (You found it on level 5 of the Dungeon)

   Int:       It affects your intelligence (+8).
   Regen:     It increases your rate of health regeneration.
   Rampage:   It bestows one free step when moving towards enemies.
   Stlth:     It makes you less stealthy.
 T - a +2 pair of gloves of stealth (worn)
 U - a +1 cloak (worn)
 Y - the +2 hood of the Assassin (worn) {Detection Stab+ Stlth++}
   (You found it on level 1 of the Lair of Beasts)

   It allows the wearer to sense nearby creatures.
   It allows the wearer to make particularly effective stabbing attacks against
   helpless or unaware enemies with any weapon.
   Stlth:     It makes you much more stealthy.
Jewellery
 c - a +6 ring of intelligence (right hand)
 o - an amulet of magic regeneration (around neck)
 E - a +6 ring of strength (left hand)
 L - a ring of poison resistance
Wands
 y - a wand of flame (29)
 B - a wand of charming (12)
 M - a wand of roots (4)
 N - a wand of polymorph (11)
Scrolls
 f - 3 scrolls of enchant weapon {unknown}
 j - 3 scrolls of magic mapping
 k - 4 scrolls of fog
 n - a scroll of summoning
 r - 3 scrolls of torment {unknown}
 w - 4 scrolls of teleportation
 x - 3 scrolls of vulnerability {unknown}
 C - 2 scrolls of blinking {unknown}
 F - 2 scrolls of noise
 R - 2 scrolls of fear {unknown}
 V - 2 scrolls of acquirement {unknown}
 W - 4 scrolls of poison
Potions
 g - 2 potions of degeneration
 h - 7 potions of curing
 q - a potion of berserk rage
 t - 3 potions of lignification
 z - a potion of mutation
 A - 2 potions of haste
 D - 3 potions of brilliance
 G - a potion of magic
 K - 2 potions of might
 O - 2 potions of resistance
 Q - 3 potions of flight
 X - a potion of ambrosia


   Skills:
 + Level 9.3 Fighting
 + Level 9.3 Short Blades
 + Level 9.3 Long Blades
 + Level 9.3 Axes
 + Level 9.3 Maces & Flails
 + Level 9.3 Polearms
 + Level 9.3 Staves
 + Level 9.3 Ranged Weapons
 + Level 9.3 Throwing
 + Level 10.4 Armour
 + Level 9.7 Dodging
 + Level 10.3 Stealth
 + Level 9.3 Shields
 + Level 9.3 Unarmed Combat
 + Level 9.8 Spellcasting
 + Level 7.8 Conjurations
 + Level 7.8 Hexes
 + Level 9.6 Summonings
 + Level 7.8 Necromancy
 + Level 8.1 Translocations
 + Level 7.8 Transmutations
 + Level 7.8 Fire Magic
 + Level 7.8 Ice Magic
 + Level 7.8 Air Magic
 + Level 7.8 Earth Magic
 + Level 7.8 Poison Magic
 + Level 10.2 Invocations
 + Level 9.3 Evocations


You had 6 spell levels left.
You knew the following spells:

 Your Spells              Type           Power      Damage    Failure   Level
a - Summon Small Mammal   Summ           100%       N/A       1%          1
b - Call Imp              Summ           70%        N/A       1%          2
c - Call Canine Familiar  Summ           70%        N/A       1%          3
d - Kiss of Death         Conj/Necr      100%       2d13      1%          1
e - Blink                 Tloc           100%       N/A       1%          2
f - Vhi's Electric Charg  Tloc/Air       100%       N/A       1%          3
g - Magic Dart            Conj           100%       1d8       1%          1
h - Confusing Touch       Hex            63%        N/A       1%          3
i - Mephitic Cloud        Conj/Pois/Air  63%        N/A       1%          3
k - Dazzling Flash        Conj/Hex       100%       N/A       1%          3
l - Summon Ice Beast      Ice/Summ       66%        N/A       1%          4

Your spell library contained the following spells:

 Spells                   Type           Power      Damage    Failure   Level
 Momentum Strike          Conj/Tloc      100%       3d10      1%          2
 Ozocubu's Armour         Ice            63%        N/A       1%          3
 Iskenderun's Mystic Bla  Conj/Tloc      63%        2d13      1%          4
 Dispel Undead            Necr           63%        3d22      2%          4
 Summon Mana Viper        Hex/Summ       66%        N/A       4%          5
 Arcjolt                  Conj/Air       31%        1d41      6%          5
 Starburst                Conj/Fire      31%        6d10      34%         6
 Monstrous Menagerie      Summ           35%        N/A       65%         7
 Ozocubu's Refrigeration  Ice            31%        4d14      88%         7
 Maxwell's Capacitive Co  Air            31%        ∞         100%        8


Dungeon Overview and Level Annotations

Branches:
Dungeon (9/15)             Temple (1/1) D:5            Lair (5/5) D:9
  Swamp (0/4) Lair:2       Spider (0/4) Lair:3        Slime (0/5) Lair:4
  Sewer (visited)
    Orc: D:9-12

Altars:
Ashenzari
Cheibriados
Dithmenos
Elyvilon
Fedhas
Gozag
Hepliaklqana
Kikubaaqudgha
Makhleb
Nemelex Xobeh
Okawaru
Qazlal
Ru
Sif Muna
Trog
Uskayaw
Vehumet
Wu Jian
Xom
Yredelemnul
Zin
The Shining One
Jiyva

Shops:
D:1 [:*   D:2 [?   D:8 *

Annotations:
Lair:4 1 transporter, indyram44's ghost, journeyman DsFi


Innate Abilities, Weirdness & Mutations

You have very sharp teeth.
Your uncanny sense of smell can sniff out nearby items.
Your experience applies equally to all skills.
You have sharp toenails.
You have an increased reservoir of magic. (+10% MP)
You are covered in fur. (AC +1)
You expend magic power (3 MP) to strengthen your wands.


Message History

The moth of wrath bites you but does no damage.
The spriggan blocks your attack. The spriggan barely misses you.
You block the spriggan's attack. The spriggan rider closely misses you.
The moth of wrath misses you.
The spriggan rider hits you with a +2 vorpal trident.
The spriggan hits you but does no damage.
You bludgeon the spriggan!!
The spriggan is heavily wounded.
The spriggan barely misses you.
The spriggan rider hits you from afar with a +4 antimagic demon trident!!
You feel your power leaking away. The spriggan blocks your attack.
The spriggan is heavily wounded.
You block the spriggan's attack.
The moth of wrath bites you but does no damage.
The moth of wrath goads the spriggan rider on!
The spriggan rider goes berserk!
The spriggan misses you.
The spriggan rider hits you from afar with a +4 antimagic demon trident!!
* * * LOW HITPOINT WARNING * * *
You feel your power leaking away. You block the spriggan rider's attack.
You are too berserk!
You thump the spriggan!
You kill the spriggan!
The spriggan hits you with a +0 short sword.
* * * LOW HITPOINT WARNING * * *
The moth of wrath bites you but does no damage.
The moth of wrath closely misses you. The spriggan rider barely misses you.
The spriggan rider hits you with a +2 vorpal trident!!
* * * LOW HITPOINT WARNING * * *
x2 The spriggan shoots a sling bullet.
The sling bullet completely misses you.
You are too berserk!
Okay, then.
You thump the spriggan!
The spriggan is heavily wounded.
The spriggan completely misses you. The moth of wrath bites you!
* * * LOW HITPOINT WARNING * * *
The spriggan rider hits you from afar with a +4 antimagic demon trident!!!
You die...
Your body crumbles into a pile of gold.

##.........####
##.............###
#....#####.....#.#
##..###.©.###....##
#..###......##...##
##..# ###..#.##...P#
##P.####≈#.###.##...#
#...#..##...≈#i.#..##
##..©#....!_.#@y©#©..#
#....#...#}$ii$y.#...#
##...##..#§#.iiW##..##
#....#.####....#....#
#....###......##....#
##....###...###.....#
##.....#####.......#
#.#...............##
#..................#


You could see 2 spriggan riders, 2 moths of wrath, 3 spriggans and indyram44's
ghost.

Vanquished Creatures
  Josephine (Lair:4)
  3 hydras
  A catoblepas (Lair:4)
  A boulder beetle (Lair:4)
  Erica (Lair:1)
  A two-headed ogre (D:8)
  A death yak (Lair:4)
  Urug (Lair:3)
  Sonja (Lair:3)
  The ghost of flotson the Trooper, a novice DsDe of Hepliaklqana (D:8)
  A lindwurm (Lair:3)
  An oklob plant (Lair:4)
  14 elephants
  4 cane toads
  5 black mambas
  A torpor snail (Lair:4)
  A smoke demon (Lair:5)
  2 rime drakes (Lair:3)
  7 komodo dragons
  8 blink frogs
  3 polar bears
  A spriggan (Lair:4)
  18 yaks
  3 wraiths (Lair:4)
  4 wyverns
  A steam dragon (D:8)
  2 basilisks
  2 redbacks (Lair:3)
  2 swamp worms (Lair:2)
  5 water moccasins
  Pargi (Sewer)
  2 black bears
  The ghost of GiantSquids the Poker, an amateur MfBe of Trog (D:4)
  A centaur (D:6)
  7 bullfrogs
  A gnoll sergeant (D:9)
  3 scorpions
  5 wights
  A killer bee (D:9)
  A howler monkey (D:8)
  2 electric eels
  A hound (D:5)
  2 orc priests
  A gnoll bouda (D:8)
  2 jellies
  2 iguanas (D:8)
  An orc wizard (D:5)
  4 gnolls (D:9)
  3 adders
  5 orcs
  2 bats (D:1)
  4 endoplasms
  A goblin (D:3)
  A hobgoblin (D:4)
  A jackal (D:3)
  A quokka (D:2)
  2 ball pythons
  2 kobolds
  2 rats (D:3)
  A butterfly (Lair:1)
160 creatures vanquished.

Vanquished Creatures (collateral kills)
  A death yak (Lair:4)
  A lindwurm (Lair:4)
  3 elephants
  A smoke demon (Lair:5)
  6 cane toads
  Psyche (D:8)
  4 komodo dragons
  A rime drake (Lair:4)
  The ghost of Nyo the Chopper, an amateur DrBe of Trog (D:4)
  2 tyrant leeches (Lair:2)
  2 slime creatures (D:8)
  11 blink frogs
  2 dream sheep (Lair:5)
  18 yaks
  A wraith (Lair:4)
  A basilisk (D:9)
  2 wyverns
  3 steam dragons
  2 swamp worms (Lair:2)
  The ghost of bande the Covered, an amateur GrFi (D:4)
  The ghost of arthad the Trooper, an amateur GrMo (D:4)
  8 water moccasins
  4 orc warriors
  A sky beast (D:7)
  3 black bears
  An ice beast (D:8)
  A centaur (D:9)
  3 bullfrogs
  A necrophage (D:8)
  7 wights
  3 killer bees
  An electric eel (Lair:3)
  3 orc priests
  4 hounds
  A jelly (D:8)
  Crazy Yiuf (D:7)
  3 iguanas
  2 orc wizards
  8 adders
  3 gnolls
  A white imp (D:5)
  A worm (D:2)
  The ghost of flotson the Sneak, a weakling DsDe (D:4)
  2 dart slugs
  11 orcs
  9 bats
  6 endoplasms
  3 giant cockroaches
  9 goblins
  4 hobgoblins
  6 jackals
  A quokka (D:3)
  3 ball pythons
  4 frilled lizards
  7 kobolds
  5 rats
196 creatures vanquished.

Vanquished Creatures (others)
  A black mamba (Lair:3)
  A black bear (D:8)
  An orc wizard (D:7)
  A quokka (D:3)
  21 fungi
  32 plants
57 creatures vanquished.

Grand Total: 413 creatures vanquished

Notes
Turn   | Place    | Note
-------+----------+-------------------------------------------
     0 | D:1      | NinjaNoafa the Gnoll Wanderer began the quest for the Orb.
     0 | D:1      | NinjaNoafa set off with the following items: a +0 dagger, a
                  | potion of might, a +0 robe, a +0 pair of gloves; and the
                  | following spell memorised: Summon Small Mammal; and the
                  | following spells available to memorise: Call Imp, Call
                  | Canine Familiar, Blink, Momentum Strike.
     0 | D:1      | Reached XP level 1. HP: 13/13 MP: 4/4
   112 | D:1      | Found Jioser's Book Emporium.
   156 | D:1      | Found Ytsom's Antique Armour Boutique.
   218 | D:1      | Reached XP level 2. HP: 19/19 MP: 3/5
   324 | D:1      | Learned a level 2 spell: Call Imp
  1107 | D:1      | Reached XP level 3. HP: 23/25 MP: 0/7
  1111 | D:1      | Learned a level 3 spell: Call Canine Familiar
  1180 | D:1      | Found Xemaruipn's Assorted Antiques.
  1532 | D:2      | Reached skill level 1 in Invocations
  1651 | D:2      | Reached skill level 1 in Fighting
  1651 | D:2      | Reached skill level 1 in Short Blades
  1651 | D:2      | Reached skill level 1 in Long Blades
  1651 | D:2      | Reached skill level 1 in Axes
  1651 | D:2      | Reached skill level 1 in Maces & Flails
  1651 | D:2      | Reached skill level 1 in Polearms
  1651 | D:2      | Reached skill level 1 in Staves
  1651 | D:2      | Reached skill level 1 in Ranged Weapons
  1651 | D:2      | Reached skill level 1 in Throwing
  1651 | D:2      | Reached skill level 1 in Shields
  1651 | D:2      | Reached skill level 1 in Unarmed Combat
  1651 | D:2      | Reached skill level 1 in Evocations
  1845 | D:2      | Found Xeigh's Antique Armour Shop.
  1862 | D:2      | Reached XP level 4. HP: 32/32 MP: 8/8
  2192 | D:2      | Reached skill level 1 in Conjurations
  2192 | D:2      | Reached skill level 1 in Hexes
  2192 | D:2      | Reached skill level 1 in Necromancy
  2192 | D:2      | Reached skill level 1 in Transmutations
  2192 | D:2      | Reached skill level 1 in Fire Magic
  2192 | D:2      | Reached skill level 1 in Ice Magic
  2192 | D:2      | Reached skill level 1 in Air Magic
  2192 | D:2      | Reached skill level 1 in Earth Magic
  2192 | D:2      | Reached skill level 1 in Poison Magic
  2215 | D:2      | Found Xiommov's Magic Scroll Shop.
  2218 | D:2      | Bought a scroll of identify for 26 gold pieces
  2235 | D:2      | Gained mutation: You are covered in fur. (AC +1) [potion of
                  | mutation]
  2250 | D:2      | Lost mutation: You are covered in fur. (AC +1) [potion of
                  | mutation]
  2250 | D:2      | Gained mutation: Your magical capacity is low. (-10% MP)
                  | [potion of mutation]
  2250 | D:2      | Gained mutation: You occasionally lose the ability to drink
                  | potions when taking damage. [potion of mutation]
  2250 | D:2      | Gained mutation: Your movements are slightly less
                  | encumbered by armour. (ER -2) [potion of mutation]
  2251 | D:2      | Lost mutation: Your movements are slightly less encumbered
                  | by armour. (ER -2) [potion of mutation]
  2251 | D:2      | Lost mutation: You occasionally lose the ability to drink
                  | potions when taking damage. [potion of mutation]
  2251 | D:2      | Gained mutation: You are dopey. (Int -2) [potion of
                  | mutation]
  2252 | D:2      | Lost mutation: You are dopey. (Int -2) [potion of mutation]
  2252 | D:2      | Lost mutation: Your magical capacity is low. (-10% MP)
                  | [potion of mutation]
  2252 | D:2      | Gained mutation: Your body sometimes deteriorates upon
                  | taking damage. [potion of mutation]
  2252 | D:2      | Gained mutation: You have an increased reservoir of magic.
                  | (+10% MP) [potion of mutation]
  2252 | D:2      | Gained mutation: You have supernaturally acute eyesight.
                  | (SInv) [potion of mutation]
  2253 | D:2      | Lost mutation: You have an increased reservoir of magic.
                  | (+10% MP) [potion of mutation]
  2253 | D:2      | Lost mutation: Your body sometimes deteriorates upon taking
                  | damage. [potion of mutation]
  2253 | D:2      | Gained mutation: You are dopey. (Int -2) [potion of
                  | mutation]
  2696 | D:3      | Reached XP level 5. HP: 37/37 MP: 2/9
  3428 | D:4      | Found a runed translucent gate.
  3430 | D:4      | Found a runed translucent gate.
  3431 | D:4      | Found a runed translucent gate.
  3432 | D:4      | Noticed flotson's ghost (weakling DsDe)
  3432 | D:4      | Noticed GiantSquids's ghost (amateur MfBe)
  3432 | D:4      | Noticed bande's ghost (amateur GrFi)
  3432 | D:4      | Noticed Nyo's ghost (amateur DrBe)
  3432 | D:4      | Noticed arthad's ghost (amateur GrMo)
  3500 | D:4      | Noticed a black bear
  3519 | D:4      | Killed a black bear
  3520 | D:4      | Reached XP level 6. HP: 38/44 MP: 0/11
  3729 | D:4      | Found a glowing drain.
  3738 | Sewer    | Entered a sewer
  3831 | Sewer    | Noticed Pargi
  3872 | Sewer    | Killed Pargi
  3873 | Sewer    | Reached skill level 5 in Armour
  3954 | Sewer    | Identified the +11 dagger "Ciop" {holy, Stlth+}
  4209 | D:5      | Entered Level 5 of the Dungeon
  4388 | D:1      | Bought a small iron ring for 85 gold pieces
  4850 | D:5      | Found a staircase to the Ecumenical Temple.
  4978 | D:5      | Noticed a +0 falchion
  4979 | D:5      | Noticed a +0 short sword
  4979 | D:5      | Noticed a +0 short sword
  4979 | D:5      | Noticed a +0 dagger
  4979 | D:5      | Noticed a +0 spear
  4980 | D:5      | Noticed a +0 spear
  4981 | D:5      | Noticed a +0 falchion
  4995 | Temple   | Entered the Ecumenical Temple
  5089 | Temple   | Became a worshipper of Gozag Ym Sagoz the Greedy
  5105 | D:5      | Noticed a +0 dagger
  5107 | D:5      | Found a hide-covered altar of Uskayaw.
  5216 | D:5      | Reached XP level 7. HP: 50/50 MP: 7/12
  5409 | D:5      | Learned a level 1 spell: Kiss of Death
  5412 | D:5      | Learned a level 2 spell: Blink
  5415 | D:5      | Identified the +3 ring mail "Luunoih" {Rampage Regen+ Int+8
                  | Stlth-}
  5421 | D:5      | Reached skill level 5 in Stealth
  5568 | D:5      | Found a white marble altar of Elyvilon.
  6248 | D:6      | Found a sparkling altar of Nemelex Xobeh.
  6422 | D:6      | Reached XP level 8. HP: 58/58 MP: 14/14
  6900 | D:6      | Found a glowing golden altar of the Shining One.
  7039 | D:6      | Lost mutation: You are dopey. (Int -2) [potion of mutation]
  7039 | D:6      | Lost mutation: You have supernaturally acute eyesight.
                  | (SInv) [potion of mutation]
  7039 | D:6      | Gained mutation: You expend magic power (3 MP) to
                  | strengthen your wands. [potion of mutation]
  7039 | D:6      | Gained mutation: You have an increased reservoir of magic.
                  | (+10% MP) [potion of mutation]
  7039 | D:6      | Gained mutation: You are covered in fur. (AC +1) [potion of
                  | mutation]
  7039 | D:6      | Gained mutation: You have sharp toenails. [potion of
                  | mutation]
  7259 | D:7      | Learned a level 2 spell: Momentum Strike
  7261 | D:7      | Learned a level 1 spell: Magic Dart
  7599 | D:7      | Reached skill level 5 in Spellcasting
  7599 | D:7      | Reached XP level 9. HP: 49/65 MP: 14/18
  7897 | D:7      | Found a runed translucent door.
  7898 | D:7      | Noticed Crazy Yiuf
  7981 | D:7      | Found a burning altar of Makhleb.
  8141 | D:7      | Killed Crazy Yiuf
  8147 | D:7      | Identified the +9 hammer of the Fool {vorpal, Fly rElec
                  | Int+4}
  8148 | D:7      | Identified the +7 hammer of the Whelk {venom, rC+ Will+
                  | Str+4}
  8183 | D:8      | Noticed Psyche
  8191 | D:8      | Killed Psyche
  8192 | D:8      | Reached skill level 5 in Dodging
  8315 | D:8      | Found Wowual's Assorted Antiques.
  8520 | D:1      | Bought a shiny orb for 336 gold pieces
  8570 | D:2      | Bought a glowing helmet for 135 gold pieces
  8634 | D:4      | Killed arthad's ghost
  8635 | D:4      | Reached skill level 5 in Invocations
  8645 | D:4      | Killed Nyo's ghost
  8666 | D:4      | Killed bande's ghost
  8672 | D:4      | Killed flotson's ghost
  8675 | D:4      | Your ally GiantSquids's ghost died
  9015 | D:8      | Reached skill level 5 in Fighting
  9015 | D:8      | Reached skill level 5 in Short Blades
  9015 | D:8      | Reached skill level 5 in Long Blades
  9015 | D:8      | Reached skill level 5 in Axes
  9015 | D:8      | Reached skill level 5 in Maces & Flails
  9015 | D:8      | Reached skill level 5 in Polearms
  9015 | D:8      | Reached skill level 5 in Staves
  9015 | D:8      | Reached skill level 5 in Ranged Weapons
  9015 | D:8      | Reached skill level 5 in Throwing
  9015 | D:8      | Reached skill level 5 in Shields
  9015 | D:8      | Reached skill level 5 in Unarmed Combat
  9015 | D:8      | Reached skill level 5 in Evocations
  9015 | D:8      | Reached XP level 10. HP: 58/74 MP: 16/20
  9093 | D:8      | Found a bloodstained altar of Trog.
  9387 | D:8      | Found a runed translucent gate.
  9387 | D:8      | Found a runed translucent gate.
  9387 | D:8      | Found a runed translucent gate.
  9388 | D:8      | Noticed flotson's ghost (novice DsDe)
  9397 | D:8      | Found a viscous altar of Jiyva.
  9528 | D:9      | Noticed an elephant
  9542 | D:8      | Reached skill level 5 in Translocations
  9748 | D:8      | Killed an elephant
  9798 | D:9      | Noticed a two-headed ogre
  9886 | D:8      | Killed a two-headed ogre
 10080 | D:9      | Found a staircase to the Lair.
 10256 | D:1      | Bought a pair of glowing gloves for 210 gold pieces
 10724 | D:9      | Learned a level 3 spell: Confusing Touch
 10728 | D:9      | Learned a level 3 spell: Mephitic Cloud
 10732 | D:9      | Learned a level 3 spell: Ozocubu's Armour
 10879 | D:9      | Reached skill level 5 in Conjurations
 10879 | D:9      | Reached skill level 5 in Hexes
 10879 | D:9      | Reached skill level 5 in Necromancy
 10879 | D:9      | Reached skill level 5 in Transmutations
 10879 | D:9      | Reached skill level 5 in Fire Magic
 10879 | D:9      | Reached skill level 5 in Ice Magic
 10879 | D:9      | Reached skill level 5 in Air Magic
 10879 | D:9      | Reached skill level 5 in Earth Magic
 10879 | D:9      | Reached skill level 5 in Poison Magic
 10915 | D:9      | Reached XP level 11. HP: 79/81 MP: 11/23
 11291 | D:8      | Bought a runed scarf for 232 gold pieces
 11295 | D:8      | Bought a wand of flame (10) for 203 gold pieces
 11443 | D:2      | Bought a scroll of teleportation for 39 gold pieces
 11594 | Lair:1   | Entered Level 1 of the Lair of Beasts
 11602 | Lair:1   | Noticed Erica
 11625 | Lair:1   | Killed Erica
 11703 | Lair:1   | Found the +2 hood of the Assassin {Detection Stab+ Stlth++}
 11713 | Lair:1   | Found a burning altar of Makhleb.
 12759 | Lair:2   | Learned a level 3 spell: Dazzling Flash
 12973 | D:8      | Bought a thin glowing staff for 348 gold pieces
 13463 | Lair:2   | Reached XP level 12. HP: 91/91 MP: 19/25
 13886 | D:8      | Killed flotson's ghost
 14008 | Lair:2   | Found a staircase to the Swamp.
 14487 | Lair:3   | Noticed a four-headed hydra
 14504 | Lair:3   | Killed a four-headed hydra
 14534 | Lair:3   | HP: 4/92 [poisoned by a black mamba]
 14539 | Lair:3   | HP: 3/92 [poisoned by a black mamba]
 14730 | Lair:3   | Noticed Sonja
 14735 | Lair:3   | Killed Sonja
 14749 | Lair:3   | Found a hole to the Spider Nest.
 14836 | Lair:3   | Noticed Urug
 14845 | Lair:3   | Killed Urug
 15585 | Lair:4   | Noticed a catoblepas
 15716 | Lair:4   | Reached XP level 13. HP: 98/98 MP: 28/28
 15870 | Lair:4   | Found a viscous altar of Jiyva.
 15873 | Lair:4   | Found a staircase to the Slime Pits.
 16167 | Lair:4   | Learned a level 4 spell: Summon Ice Beast
 16414 | D:2      | Bought a scroll of amnesia for 52 gold pieces
 16414 | D:2      | Bought a scroll of poison for 52 gold pieces
 16667 | Lair:4   | Identified the +0 robe of the Leaf {rPois rF+ Dex+5}
 16861 | Lair:4   | Noticed Josephine
 16896 | Lair:4   | Killed Josephine
 17099 | Lair:4   | Learned a level 3 spell: Vhi's Electric Charge
 17137 | Lair:4   | Reached skill level 10 in Armour
 17222 | Lair:4   | Found a transporter.
 17232 | Lair:4   | Found a bloodstained altar of Trog.
 17239 | Lair:4   | Found a transporter.
 17254 | Lair:4   | Noticed indyram44's ghost (journeyman DsFi)
 17572 | Lair:5   | Entered Level 5 of the Lair of Beasts
 17723 | Lair:5   | Reached skill level 10 in Stealth
 17741 | Lair:5   | Reached XP level 14. HP: 79/108 MP: 16/30
 17743 | Lair:5   | Reached skill level 10 in Invocations
 18187 | Lair:4   | HP: 1/162 [moth of wrath (8)]
 18187 | Lair:4   | Annihilated by a spriggan rider

Illustrated notes

Levels and vault maps discovered:
D:1:      beargit_arrival_greenhouse, layout_basic, serial_shops, shop,
          nicolae_shop_waterfront, shop
D:2:      layout_loops_cross, serial_shops, nicolae_shop_behind_doors,
          nicolae_shop_window_shopping
D:3:      layout_loops_ring
D:4:      layout_basic, gammafunk_ghost_cemetery, portal_sewer_entry_d
D:5:      layout_layer_cave, nicolae_elyvilon_temple_path,
          nicolae_uskayaw_en_pointe, minmay_temple_entry_statues, minivault_27
D:6:      layout_basic, hangedman_feature_mirror
D:7:      layout_basic, lightli_temple_of_fire, uniq_crazy_yiuf_cottage
D:8:      layout_basic, trog_butcher_becter, serial_shops, shop_fountains,
          gammafunk_ghost_ooze, uniq_psyche
D:9:      layout_layer_cave, david_lair_generic
Temple:   dpeg_three_leaves_temple
Lair:1:   layout_roguey, basic_altar, serial_bayou_shore_b, lemuel_fruit_fields,
          grunt_megastairs_4, serial_bayou_shore_b, infiniplex_staircase_pool,
          uniq_erica
Lair:2:   layout_chaotic_city, minmay_swamp_entry_worms, worms_lemuel
Lair:3:   layout_loops_ring, spider_nest_entry_webs, wad_woods_river_01,
          uniq_sonja, uniq_urug
Lair:4:   nzn_winding_woodlands_cross [nzn_winding_woodlands_5x15_jagged,
          nzn_winding_woodlands_5x15_zeroes, nzn_winding_woodlands_5x15_crooked,
          nzn_winding_woodlands_5x15_garden,
          nzn_winding_woodlands_15x15_killbox], layout_gridlike, slime_entry_1,
          gammafunk_ghost_wrathful_warriors, uniq_josephine
Lair:5:   hellmonk_lair_end_abyssal_woods, layout_concentric_octagons,
          lemuel_fruit_fields

Skill      XL: |  1  2  3  4  5  6  7  8  9 10 11 12 13 14 |
---------------+-------------------------------------------+-----
Translocations | 2 3 4 5 6 7 8 |  8.1
Invocations    | 1 2 3 4 5 6 7 8 9 10 | 10.2
Fighting       | 1 2 3 4 5 6 7 8 9 |  9.3
Short Blades   | 1 2 3 4 5 6 7 8 9 |  9.3
Long Blades    | 1 2 3 4 5 6 7 8 9 |  9.3
Axes           | 1 2 3 4 5 6 7 8 9 |  9.3
Maces & Flails | 1 2 3 4 5 6 7 8 9 |  9.3
Polearms       | 1 2 3 4 5 6 7 8 9 |  9.3
Staves         | 1 2 3 4 5 6 7 8 9 |  9.3
Ranged Weapons | 1 2 3 4 5 6 7 8 9 |  9.3
Throwing       | 1 2 3 4 5 6 7 8 9 |  9.3
Shields        | 1 2 3 4 5 6 7 8 9 |  9.3
Unarmed Combat | 1 2 3 4 5 6 7 8 9 |  9.3
Evocations     | 1 2 3 4 5 6 7 8 9 |  9.3
Spellcasting   | 3 4 5 6 7 8 9 |  9.8
Conjurations   | 1 2 3 4 5 6 7 |  7.8
Hexes          | 1 2 3 4 5 6 7 |  7.8
Necromancy     | 1 2 3 4 5 6 7 |  7.8
Transmutations | 1 2 3 4 5 6 7 |  7.8
Fire Magic     | 1 2 3 4 5 6 7 |  7.8
Ice Magic      | 1 2 3 4 5 6 7 |  7.8
Air Magic      | 1 2 3 4 5 6 7 |  7.8
Earth Magic    | 1 2 3 4 5 6 7 |  7.8
Poison Magic   | 1 2 3 4 5 6 7 |  7.8
Dodging        | 3 4 5 6 7 8 9 |  9.7
Armour         | 5 6 7 8 9 10 | 10.4
Stealth        | 5 6 7 8 9 10 | 10.3
Summonings     | 6 7 8 9 |  9.6

Action                   |  1- 3 |  4- 6 |  7- 9 | 10-12 | 13-15 || total
-------------------------+-------+-------+-------+-------+-------++-------
Melee: Dagger            |    20 |    32 |    34 |    41 |    43 ||   170
       Bite              |     2 |     4 |     9 |    49 |    33 ||    97
       Punch             |       |       |     3 |       |       ||     3
       Mace              |       |       |    21 |   297 |   163 ||   481
Throw: Boomerang         |       |    24 |     2 |       |       ||    26
       Dart              |       |       |       |       |     1 ||     1
 Cast: Summon Small Mamm |    61 |    12 |    36 |    45 |    34 ||   188
       Call Imp          |     3 |    14 |    20 |    34 |    15 ||    86
       Call Canine Famil |     4 |    19 |    27 |    47 |    25 ||   122
       Blink             |       |       |     4 |     5 |    10 ||    19
       Momentum Strike   |       |       |    10 |    12 |       ||    22
       Magic Dart        |       |       |     9 |    23 |     3 ||    35
       Confusing Touch   |       |       |       |    23 |     6 ||    29
       Mephitic Cloud    |       |       |       |     7 |       ||     7
       Ozocubu's Armour  |       |       |       |     8 |       ||     8
       Kiss of Death     |       |       |       |     3 |       ||     3
       Dazzling Flash    |       |       |       |     3 |     5 ||     8
       Summon Ice Beast  |       |       |       |       |    19 ||    19
       Vhi's Electric Ch |       |       |       |       |    13 ||    13
Evoke: Wand              |       |       |     9 |       |     1 ||    10
  Use: Potion            |       |     5 |     1 |     3 |     3 ||    12
       Scroll            |       |     1 |    12 |     2 |     6 ||    21
 Stab: Sleeping          |       |       |     2 |    17 |     5 ||    24
       Distracted        |       |       |       |     7 |     6 ||    13
       Confused          |       |       |       |     9 |     2 ||    11
       Invisible         |       |       |       |       |     3 ||     3
       Petrified         |       |       |       |       |     2 ||     2
Armor: Robe              |    30 |    39 |       |       |       ||    69
       Ring mail         |       |       |    37 |   219 |   156 ||   412
       Leather armour    |       |       |     4 |       |       ||     4
Dodge: Dodged            |    47 |    66 |    45 |   318 |   242 ||   718
Block: Buckler           |       |       |       |    72 |   126 ||   198

Table legend: (Time is in decaauts)
 A = Elapsed time spent in this place.
 B = Non-inter-level travel time spent in this place.
 C = Inter-level travel time spent in this place.
 D = Time resting spent in this place.
 E = Time spent auto-exploring this place.
 F = Levels seen in this place.
 G = Mean time per level.
                   A        B        C        D        E       F      G
               +--------+--------+--------+--------+--------+-----+--------+
         Total |  18248 |  15392 |   2856 |      0 |  11553 |  16 | 1140.5 |
       Dungeon |  12024 |   9731 |   2293 |      0 |   7592 |   9 | 1336.0 |
        Temple |    104 |     71 |     33 |      0 |     64 |   1 |  104.0 |
          Lair |   5861 |   5331 |    530 |      0 |   3727 |   5 | 1172.2 |
         Sewer |    257 |    257 |      0 |      0 |    169 |   1 |  257.0 |
               +--------+--------+--------+--------+--------+-----+--------+

Top non-repeatable levels by time:
     D:8: 1702 daAuts
     D:1: 1646 daAuts
  Lair:4: 1609 daAuts
     D:5: 1511 daAuts
     D:7: 1348 daAuts
  Lair:3: 1311 daAuts
     D:2: 1281 daAuts
  Lair:1: 1271 daAuts
  Lair:2: 1173 daAuts
     D:9: 1169 daAuts
     D:6: 1148 daAuts
     D:3: 1119 daAuts
     D:4: 1096 daAuts
  Lair:5: 495 daAuts
   Sewer: 257 daAuts
